 Dungeon Crawl Stone Soup version 0.22-a0-362-g535178c (webtiles) character file.

207207 KristoblXynda the Carver (level 18, -22/147 HPs)
             Began as a Yellow Draconian Gladiator on Apr 20, 2018.
             Was the Champion of Cheibriados.
             Killed from afar by a halazid warlock (37 damage)
             ... with a bolt of negative energy
             ... in the Desolation of Salt.
             The game lasted 02:03:02 (37991 turns).

KristoblXynda the Carver (DrGl)                    Turns: 37991, Time: 02:03:02

Health: -22/147    AC: 18    Str: 33    XL:     18   Next: 9%
Magic:  32/32      EV: 23    Int: 26    God:    Cheibriados [******]
Gold:   107        SH: 17    Dex: 42    Spells: 26/37 levels left

rFire    . . .     SeeInvis +   V - +6 scimitar (flame)
rCold    . . .     Gourm    .   F - +0 shield
rNeg     . . .     Faith    .   (armour unavailable)
rPois    +         Spirit   .   C - +1 hat
rElec    .         Reflect  .   O - scarf {repulsion}
rCorr    +         Harm     .   T - +0 pair of gloves "Wuamn" {Dex+3}
MR       +....                  M - +2 pair of boots {Fly}
Stlth    ++++++....             A - amulet of regeneration
HPRegen  0.74/turn              t - +3 ring of protection
MPRegen  0.23/turn              Q - ring "Wiadghuq" {rCorr rPois Int-3 Dex+10 SInv}

@: lethally poisoned (-22 -> -23), flying, very slightly contaminated, drained,
repel missiles, very slow
A: spit acid, acid resistance, unfitting armour, acidic bite, cold-blooded, AC
+10
}: 1/15 runes: serpentine
a: Breathe Acid, Bend Time, Temporal Distortion, Slouch, Step From Time,
Renounce Religion, Stop Flying


You were in the Desolation of Salt.
You worshipped Cheibriados.
Cheibriados was exalted by your worship.
You were not hungry.

You visited 6 branches of the dungeon, and saw 29 of its levels.
You also visited: Sewer, Ossuary, Ice Cave and Desolation.

You collected 3424 gold pieces.
You spent 3317 gold pieces at shops.

Inventory:

Hand Weapons
 V - a +6 scimitar of flaming (weapon)
Missiles
 c - 4 throwing nets (quivered)
Armour
 C - a +1 hat (worn)
 F - a +0 shield (worn)
 M - a +2 pair of boots of flying (worn)
 O - a scarf of repulsion (worn)
 T - the +0 pair of gloves "Wuamn" (worn) {Dex+3}
   (You found it on level 3 of the Lair of Beasts)

   It affects your dexterity (+3).
Jewellery
 t - a +3 ring of protection (left hand)
 A - an amulet of regeneration (around neck)
 Q - the ring "Wiadghuq" (right hand) {rCorr rPois Int-3 Dex+10 SInv}
   (You bought it in a shop on level 14 of the Dungeon)

   [ring of resist corrosion]

   It affects your intelligence (-3).
   It affects your dexterity (+10).
   It protects you from poison.
   It lets you see invisible.
Wands
 B - a wand of disintegration (3)
 G - a wand of iceblast (8)
 K - a wand of acid (3)
 S - a wand of enslavement (17)
 U - a wand of paralysis (1)
 Z - a wand of clouds (2)
Scrolls
 e - a scroll of identify
 k - 8 scrolls of teleportation
 l - 6 scrolls of magic mapping
 m - 5 scrolls of fog
 p - 15 scrolls of remove curse
 v - 4 scrolls of enchant armour
 x - 3 scrolls of amnesia
 H - 2 scrolls of immolation
Potions
 f - 2 potions of ambrosia
 i - 3 potions of flight
 j - 16 potions of curing
 n - 3 potions of cancellation
 o - 4 potions of haste
 r - 4 potions of brilliance
 w - 3 potions of magic
 D - 3 potions of might
 E - 3 potions of agility
 I - 4 potions of mutation
 L - a potion of invisibility
 P - 4 potions of lignification
Miscellaneous
 J - a fan of gales (inert)
 N - a phial of floods (inert)
 Y - a lightning rod (4/4)
Comestibles
 a - a chunk of flesh
 d - 27 rations


   Skills:
 - Level 10.0(9.2) Fighting
 - Level 14.0(13.1) Long Blades
   Level 3.4(2.7) Maces & Flails
 - Level 2.0(1.3) Throwing
 - Level 9.0(8.3) Dodging
 - Level 10.0(9.2) Stealth
 * Level 12.6(11.7) Shields
 + Level 10.1(9.3) Spellcasting
 - Level 10.0(9.2) Conjurations
 + Level 6.3(5.6) Hexes
 - Level 8.0(7.2) Air Magic
 - Level 10.0(9.2) Invocations
 + Level 11.3(10.5) Evocations


You had 26 spell levels left.
You knew the following spells:

 Your Spells              Type           Power        Failure   Level  Hunger
a - Lightning Bolt        Conj/Air       ######....   7%          5    ####...
b - Invisibility          Hex            #####...     75%         6    ######.


Dungeon Overview and Level Annotations

Branches:
Dungeon (15/15)            Temple (1/1) D:7            Lair (6/6) D:11
 Shoals (0/4) Lair:3        Snake (4/4) Lair:4        Slime (0/5) Lair:5
    Orc (2/2) D:11            Elf (1/3) Orc:2        Vaults (0/5) D:13
 Depths (0/5) D:15

Altars:
Ashenzari
Cheibriados
Dithmenos
Elyvilon
Fedhas
Gozag
Hepliaklqana
Kikubaaqudgha
Makhleb
Nemelex Xobeh
Okawaru
Qazlal
Ru
Sif Muna
Trog
Uskayaw
Vehumet
Wu Jian
Xom
Yredelemnul
Zin
The Shining One
Jiyva

Shops:
D:11 [   D:14 }}*   Orc:2 *(=[   Snake:1 %[**%   Snake:2 :   Snake:4 !

Portals:
Trove: D:12 (give 8 potions of haste)

Annotations:
D:9 exclusion: obsidian statue
D:15 exclusion: Roxanne, Louise, Roxanne
Lair:1 exclusion: oklob plant
Lair:5 exclusion: 4 oklob plants
Snake:4 Vashnia


Innate Abilities, Weirdness & Mutations

You can spit globs of acid.
You are resistant to acid.
Your golden yellow scales are hard. (AC +10)
You cannot fit into any form of body armour.
You have acidic saliva.
You are cold-blooded and may be slowed by cold attacks.


Message History

Your water elemental is destroyed!
Evoke which item? (* to show all) (? for menu, Esc to quit)
Aiming: Paralyse
Press: ? - help, Shift-Dir - straight line, f/p - servant of whispers
Aim: a servant of whispers, wielding a quarterstaff of crushing and wearing a robe (lightly wounded, stilling the winds, chance to defeat MR: 40%)
The servant of whispers resists with some effort.
You feel sick.
Evoke which item? (* to show all) (? for menu, Esc to quit)
Aiming: Paralyse
Press: ? - help, Shift-Dir - straight line, f/p - servant of whispers
Aim: a servant of whispers, wielding a quarterstaff of crushing and wearing a robe (lightly wounded, stilling the winds, chance to defeat MR: 40%)
The servant of whispers resists with some effort.
Evoke which item? (* to show all) (? for menu, Esc to quit)
Aiming: Paralyse
Press: ? - help, Shift-Dir - straight line, f/p - servant of whispers
Aim: a servant of whispers, wielding a quarterstaff of crushing and wearing a robe (lightly wounded, stilling the winds, chance to defeat MR: 40%)
The servant of whispers resists with some effort.
The halazid warlock casts a spell at you.
The bolt of negative energy hits you!
You feel drained.
You die...

.................................
.................................
.................................
.................................
.................................
...........).L...................
.........†.......................
.................................
...........p....@................
.................................
.................................
.......................####......
.........................#.......
.................................
.................................
#################################
#################################


You could see a servant of whispers and a halazid warlock.

Vanquished Creatures
  An Ice Fiend (IceCv)
  Kirke (D:15)
  6 nagarajas
  A fire giant (D:13)
  2 angels (Elf:1)
  An orc warlord (Orc:2)
  A ghoul (D:13)
  Nessos (Orc:2)
  Snorg (D:11)
  2 ragged hierophants (Desolation)
  A fire dragon (D:15)
  Fannar (D:11)
  A servant of whispers (Desolation)
  18 naga warriors
  3 peacekeepers (Desolation)
  7 hydras
  An ice dragon (D:13)
  3 centaur warriors
  7 anacondas
  2 death knights
  8 two-headed ogres
  13 naga sharpshooters
  A tengu warrior (D:15)
  6 death yaks (Lair:5)
  6 orc high priests (Orc:2)
  5 shock serpents
  A deep elf knight (D:11)
  4 salamander mystics
  A shadow wraith (D:13)
  13 skeletal warriors
  A flayed ghost (D:10)
  4 unseen horrors
  2 wizards
  A lindwurm (D:13)
  9 naga ritualists
  3 ironbrand convokers (Desolation)
  A deep elf archer (Elf:1)
  2 necromancers
  8 orc knights
  8 mana vipers
  13 salamanders
  3 deep elf magi
  3 ugly things (D:13)
  5 orc sorcerers
  4 cyclopes
  3 manticores
  26 black mambas
  An ice statue (IceCv)
  8 elephants (Lair:3)
  A black mamba (shapeshifter) (D:13)
  Psyche (D:9)
  4 guardian serpents
  17 spiny frogs
  4 centaur skeletons
  17 naga magi
  4 rime drakes
  5 komodo dragons
  A kobold demonologist (D:12)
  3 anaconda simulacra (IceCv)
  An efreet (D:13)
  6 freezing wraiths
  A yaktaur (shapeshifter) (D:14)
  15 trolls
  A yaktaur (D:14)
  A tengu conjurer (D:15)
  4 ice devils (IceCv)
  A troll (shapeshifter) (D:13)
  The ghost of iamserjio the Ruffian, an amateur NaTm (D:4)
  A polar bear (shapeshifter) (D:11)
  A meliai (shapeshifter) (D:13)
  9 meliai
  6 hornets
  4 polar bears
  15 blink frogs
  28 saltlings (Desolation)
  13 hippogriffs
  2 meliai zombies (D:14)
  3 slime creatures (D:14)
  5 dream sheep
  2 centaur simulacra
  14 spriggans
  3 dire elephant simulacra (IceCv)
  4 hogs (D:15)
  2 wraiths
  40 yaks
  5 vampires
  A fire elemental (Orc:1)
  2 wyverns
  A water elemental (D:13)
  Grum (D:11)
  3 basilisks
  A redback simulacrum (D:15)
  6 hungry ghosts
  3 vampire mosquitoes (D:14)
  2 iron troll simulacra (IceCv)
  4 harpy simulacra (IceCv)
  A warg (Orc:1)
  61 nagas
  3 hydra simulacra (IceCv)
  An acid dragon (D:14)
  19 water moccasins
  4 porcupines
  45 orc warriors
  3 sky beasts
  2 alligator simulacra (IceCv)
  2 hornet zombies
  5 ice beasts
  6 black bears
  5 boggarts (Lair:6)
  12 ogres
  A phantom (D:4)
  8 centaurs
  34 wolves
  10 crocodiles
  4 big kobolds
  15 bullfrogs
  A wyvern zombie (D:12)
  A gnoll sergeant (D:5)
  7 scorpions
  A water moccasin zombie (D:9)
  A wyvern skeleton (D:6)
  An elephant simulacrum (IceCv)
  5 killer bees (D:10)
  A wight (D:5)
  4 howler monkeys
  3 electric eels (D:11)
  15 crimson imps
  10 centaur zombies
  5 bullfrog zombies
  A lava snake (D:10)
  A quasit (D:15)
  3 draconian simulacra (IceCv)
  8 hounds
  4 bullfrog skeletons
  2 orc priests
  5 jellies
  5 iguanas
  23 orc wizards
  Natasha (thrice) (D:2)
  A polar bear simulacrum (IceCv)
  9 worker ants
  Terence (D:2)
  5 troll simulacra (IceCv)
  A wolf simulacrum (IceCv)
  A spriggan simulacrum (IceCv)
  3 killer bee zombies
  A big kobold zombie (Ossuary)
  A hound zombie (D:8)
  6 mummies
  A howler monkey zombie (D:5)
  A howler monkey skeleton (D:6)
  A naga simulacrum (IceCv)
  14 adders
  An ogre simulacrum (IceCv)
  2 river rats (Sewer)
  A shadow imp (D:6)
  7 white imps
  3 ufetubi (IceCv)
  3 oozes
  An adder skeleton (D:8)
  4 adder zombies (Ossuary)
  3 worms
  6 leopard geckos
  82 orcs
  4 giant cockroaches
  6 goblins
  7 hobgoblins
  7 jackals
  18 kobolds
  10 quokkas
  4 ball pythons
  A ball python skeleton (D:5)
  6 bats
  11 frilled lizards
  2 gnoll zombies (Ossuary)
  5 hobgoblin zombies (Ossuary)
  2 leopard gecko skeletons
  A leopard gecko zombie (D:7)
  A quokka skeleton (D:6)
  2 quokka zombies (Ossuary)
  10 rats
  4 rat zombies (Ossuary)
  2 fungi
  A plant (Lair:1)
1107 creatures vanquished.

Vanquished Creatures (collateral kills)
  A hydra (Lair:4)
  A deep troll earth mage (D:13)
  A deep elf knight (D:13)
  A guardian serpent (Desolation)
  An ice devil (IceCv)
  A saltling (Desolation)
  A wraith (D:13)
  A naga (Lair:4)
  A bullfrog (D:13)
  An orc priest (D:13)
  An orc (D:13)
11 creatures vanquished.

Vanquished Creatures (others)
  A cyclops (shapeshifter) (D:13)
  A hippogriff (D:13)
  A white imp (IceCv)
  A bat (D:3)
  A quokka (D:3)
  10 fungi
  3 plants
18 creatures vanquished.

Grand Total: 1136 creatures vanquished

Notes
Turn   | Place    | Note
-------+----------+-------------------------------------------
     0 | D:1      | KristoblXynda the Draconian Gladiator began the quest for the Orb.
     0 | D:1      | Reached XP level 1. HP: 17/17 MP: 1/1
   336 | D:1      | Reached XP level 2. HP: 24/24 MP: 2/2
  1067 | D:2      | Noticed Natasha
  1073 | D:2      | Killed Natasha
  1073 | D:2      | Reached skill level 4 in Long Blades
  1073 | D:2      | Reached XP level 3. HP: 29/29 MP: 3/3
  1178 | D:2      | Noticed an ogre
  1217 | D:2      | Killed an ogre
  1217 | D:2      | Reached skill level 5 in Long Blades
  1217 | D:2      | Reached XP level 4. HP: 4/36 MP: 4/4
  1217 | D:2      | Reached XP level 5. HP: 4/41 MP: 5/5
  1408 | D:2      | Noticed Natasha
  1419 | D:2      | Killed Natasha
  1601 | D:2      | Noticed Natasha
  1604 | D:2      | Killed Natasha
  1896 | D:2      | Noticed Terence
  1918 | D:2      | Killed Terence
  2770 | D:3      | Reached XP level 6. HP: 29/48 MP: 6/6
  3035 | D:3      | Found a radiant altar of Vehumet.
  3312 | D:3      | Found a white marble altar of Elyvilon.
  3429 | D:3      | Found a hide-covered altar of Uskayaw.
  3703 | D:4      | Found a sand-covered staircase.
  3709 | D:4      | Reached skill level 6 in Long Blades
  3731 | Ossuary  | Entered an ossuary
  4248 | D:4      | Noticed iamserjio's ghost (amateur NaTm)
  4342 | D:4      | Your scales start taking on a golden yellow colour.
  4342 | D:4      | Reached XP level 7. HP: 55/55 MP: 7/7
  4409 | D:4      | Killed iamserjio's ghost
  4409 | D:4      | Reached skill level 7 in Long Blades
  4409 | D:4      | Reached skill level 5 in Dodging
  4714 | D:4      | Reached skill level 8 in Long Blades
  5007 | D:4      | Reached XP level 8. HP: 40/61 MP: 8/8
  5097 | D:5      | Entered Level 5 of the Dungeon
  5173 | D:5      | Found a burning altar of Makhleb.
  5556 | D:5      | Reached skill level 9 in Long Blades
  6983 | D:6      | Reached skill level 10 in Long Blades
  7007 | D:6      | Reached XP level 9. HP: 34/67 MP: 9/9
  7115 | D:6      | Found a glowing drain.
  7119 | Sewer    | Entered a sewer
  7917 | D:6      | Found a deep blue altar of Sif Muna.
  7992 | D:6      | Reached skill level 1 in Evocations
  8242 | D:7      | Found a bloodstained altar of Trog.
  8269 | D:7      | Found a glowing silver altar of Zin.
  8949 | D:7      | Found a staircase to the Ecumenical Temple.
  8958 | Temple   | Entered the Ecumenical Temple
  9283 | D:7      | Found a stormy altar of Qazlal.
  9399 | D:8      | Reached XP level 10. HP: 39/80 MP: 12/12
  9607 | D:8      | Found a snail-covered altar of Cheibriados.
  9698 | D:8      | Reached skill level 5 in Fighting
  9698 | D:8      | Reached skill level 11 in Long Blades
  9905 | D:8      | Noticed a two-headed ogre
  9913 | D:8      | Killed a two-headed ogre
  9974 | D:8      | Became a worshipper of Cheibriados the Contemplative
  9983 | D:9      | Found a shattered altar of Ashenzari.
 10103 | D:9      | Reached skill level 1 in Invocations
 10104 | D:9      | Noticed an obsidian statue
 10130 | D:9      | Noticed a soul eater
 10341 | D:9      | Noticed a two-headed ogre
 10358 | D:9      | Killed a two-headed ogre
 10358 | D:9      | Reached skill level 5 in Evocations
 10635 | D:9      | Noticed Psyche
 10659 | D:9      | Killed Psyche
 11141 | D:10     | Entered Level 10 of the Dungeon
 11146 | D:10     | Reached * piety under Cheibriados
 11538 | D:10     | Noticed a flayed ghost
 11565 | D:10     | Killed a flayed ghost
 11565 | D:10     | Reached XP level 11. HP: 54/88 MP: 15/15
 12021 | D:10     | Reached ** piety under Cheibriados
 12434 | D:10     | Reached skill level 1 in Stealth
 12577 | D:10     | Killed an unseen horror
 12577 | D:10     | Reached skill level 12 in Long Blades
 12606 | D:11     | Noticed Grum
 12615 | D:10     | Reached skill level 5 in Invocations
 12707 | D:11     | Found a staircase to the Orcish Mines.
 12803 | D:11     | Noticed Fannar
 12821 | D:11     | Killed Fannar
 12905 | D:11     | Found an iron altar of Okawaru.
 12905 | D:11     | Noticed an orc knight
 13132 | D:11     | Killed Grum
 13212 | D:11     | Reached *** piety under Cheibriados
 13619 | D:11     | Killed an unseen horror
 13744 | D:11     | Found Favvexawoi's Antique Armour Shop.
 13805 | D:11     | Noticed a centaur warrior
 13826 | D:11     | Killed a centaur warrior
 13829 | D:11     | Reached XP level 12. HP: 45/94 MP: 17/17
 13833 | D:11     | Got an iridescent demon whip {pain}
 13896 | D:11     | Identified the +11 demon whip "Xuacir" {pain, *Rage rN+ Int+4} (You took it off an orc warrior on level 11 of the Dungeon)
 13939 | D:11     | Reached **** piety under Cheibriados
 14204 | D:11     | Learned a level 5 spell: Lightning Bolt
 14226 | D:11     | Noticed Snorg
 14239 | D:11     | Killed Snorg
 14239 | D:11     | Reached skill level 5 in Stealth
 14624 | D:11     | Reached ***** piety under Cheibriados
 14774 | D:11     | Reached skill level 13 in Long Blades
 14779 | D:11     | Found a staircase to the Lair.
 14823 | D:11     | Noticed a centaur warrior
 14847 | D:11     | Killed a centaur warrior
 15185 | D:12     | Found a portal to a secret trove of treasure.
 15741 | D:12     | Noticed a two-headed ogre
 15746 | D:12     | Killed a two-headed ogre
 15816 | D:13     | Noticed a two-headed ogre
 15822 | D:13     | Killed a two-headed ogre
 15882 | D:13     | Found a gate to the Vaults.
 15916 | D:13     | Noticed a ghoul
 15938 | D:13     | Reached XP level 13. HP: 92/101 MP: 20/20
 16034 | D:13     | Noticed a ghoul
 16192 | Lair:1   | Entered Level 1 of the Lair of Beasts
 16228 | Lair:1   | Reached ****** piety under Cheibriados
 16266 | Lair:1   | Reached skill level 10 in Invocations
 16526 | Lair:1   | Reached skill level 14 in Long Blades
 16611 | Lair:1   | Reached skill level 1 in Spellcasting
 16922 | Lair:1   | Reached skill level 1 in Shields
 18499 | Lair:3   | Found a sacrificial altar of Ru.
 18903 | Lair:3   | Found a staircase to the Shoals.
 19508 | Lair:3   | Got a pair of encrusted gloves
 19519 | Lair:3   | Identified the +0 pair of gloves "Wuamn" {Dex+3} (You found it on level 3 of the Lair of Beasts)
 19974 | Lair:4   | Found a shattered altar of Ashenzari.
 20105 | Lair:4   | Found a staircase to the Snake Pit.
 20649 | Lair:4   | Gained mutation: You have acidic saliva. [Yellow Draconian growth]
 20649 | Lair:4   | Reached XP level 14. HP: 106/115 MP: 21/21
 21196 | Lair:5   | Found a viscous altar of Jiyva.
 21197 | Lair:5   | Found a staircase to the Slime Pits.
 21208 | Lair:5   | Reached skill level 5 in Shields
 21389 | Lair:5   | Reached skill level 5 in Spellcasting
 21397 | Lair:5   | Reached skill level 10 in Stealth
 21724 | Lair:6   | Entered Level 6 of the Lair of Beasts
 23875 | D:13     | Reached skill level 10 in Fighting
 23990 | D:13     | Noticed a fire giant
 23997 | D:13     | Killed a fire giant
 24108 | D:13     | Reached skill level 1 in Maces & Flails
 24341 | D:13     | Killed a ghoul
 24341 | D:13     | Reached XP level 15. HP: 52/126 MP: 25/25
 25600 | D:14     | Found Saocs's Assorted Antiques.
 25608 | D:14     | Bought a wavering silver ring for 190 gold pieces
 25608 | D:14     | Bought a forked glass wand for 152 gold pieces
 25608 | D:14     | Identified the ring "Wiadghuq" {rCorr rPois Int-3 Dex+10 SInv} (You bought it in a shop on level 14 of the Dungeon)
 25644 | D:14     | Reached skill level 1 in Conjurations
 25647 | D:14     | Found the +6 lightning scales {run, rElec}
 25730 | D:14     | Reached skill level 10 in Evocations
 25950 | D:14     | Found Senkien's Gadget Shop.
 25987 | D:14     | Bought a lightning rod (4/4) for 680 gold pieces
 26065 | D:14     | Reached skill level 1 in Air Magic
 26118 | D:14     | Found Qutyjis's Gadget Shoppe.
 26127 | D:14     | Bought a wand of clouds (3) for 273 gold pieces
 26340 | D:15     | Entered Level 15 of the Dungeon
 27311 | D:15     | Found a staircase to the Depths.
 27369 | D:15     | Noticed Roxanne
 27463 | D:15     | Noticed Louise
 27465 | D:15     | Noticed Kirke
 27764 | D:15     | Killed Kirke
 27912 | Orc:1    | Entered Level 1 of the Orcish Mines
 28360 | Orc:2    | Entered Level 2 of the Orcish Mines
 28368 | Orc:2    | Found Muwket's Antique Armour Shoppe.
 28378 | Orc:2    | Reached XP level 16. HP: 95/134 MP: 28/28
 28416 | Orc:2    | Noticed Nessos
 28427 | Orc:2    | Killed Nessos
 28427 | Orc:2    | Reached skill level 5 in Conjurations
 28702 | Orc:2    | Found Ybbuus's Jewellery Shop.
 28745 | Orc:2    | Found Ycvys's General Store.
 28762 | Orc:2    | Reached skill level 5 in Air Magic
 28771 | Orc:2    | Bought a potion of haste for 120 gold pieces
 28886 | Orc:2    | Found a staircase to the Elven Halls.
 28966 | Orc:2    | Found Hoamoez's Antique Weapon Emporium.
 29682 | Snake:1  | Entered Level 1 of the Snake Pit
 29698 | Snake:1  | Found Xoim's Food Shoppe.
 29743 | Snake:1  | Reached skill level 10 in Shields
 29838 | Snake:1  | Found Amniumul's Assorted Antiques.
 29863 | Snake:1  | Bought a scroll of enchant armour for 322 gold pieces
 29863 | Snake:1  | Bought a glistering book for 645 gold pieces
 29863 | Snake:1  | Bought a sapphire ring for 215 gold pieces
 29863 | Snake:1  | Bought a scroll of identify for 86 gold pieces
 29863 | Snake:1  | Bought a potion of curing for 129 gold pieces
 29886 | Snake:1  | Found Imaune's Antique Armour Shoppe.
 29893 | Snake:1  | Bought a pair of embroidered boots for 180 gold pieces
 29903 | Snake:1  | Identified a +1 pair of boots of running (You bought it in a shop on level 1 of the Snake Pit)
 30116 | Snake:1  | Found Zaqihut's Food Shop.
 30117 | Snake:1  | Found Dekyenu's General Store.
 30123 | Snake:1  | Bought a potion of heal wounds for 55 gold pieces
 30933 | Snake:2  | Reached skill level 10 in Spellcasting
 31173 | Snake:2  | Found Zoafad's Book Emporium.
 31382 | Snake:3  | Learned a level 6 spell: Invisibility
 31663 | Snake:3  | Reached skill level 1 in Hexes
 32340 | Snake:2  | Reached XP level 17. HP: 32/140 MP: 31/31
 32957 | Snake:4  | Entered Level 4 of the Snake Pit
 33042 | Snake:4  | Found a frozen archway.
 33072 | Snake:4  | Found Fowk's Distillery.
 33205 | IceCv    | Entered an ice cave
 34192 | IceCv    | Noticed an Ice Fiend
 34212 | IceCv    | Killed an Ice Fiend
 34984 | Snake:4  | Bought a potion of heal wounds for 90 gold pieces
 34984 | Snake:4  | Bought a potion of haste for 180 gold pieces
 36024 | Snake:4  | Noticed Vashnia
 36303 | Snake:4  | Reached skill level 5 in Hexes
 36904 | Snake:4  | Got a serpentine rune of Zot
 37401 | Elf:1    | Entered Level 1 of the Elven Halls
 37442 | Elf:1    | Found a ruined gateway.
 37444 | Elf:1    | Found a glowing golden altar of the Shining One.
 37444 | Elf:1    | Found a glowing silver altar of Zin.
 37446 | Elf:1    | Found a white marble altar of Elyvilon.
 37497 | Desolati | Entered the Desolation of Salt
 37797 | Desolati | Reached XP level 18. HP: 147/147 MP: 32/32
 37828 | Desolati | Reached skill level 10 in Conjurations
 37991 | Desolati | Killed from afar by a halazid warlock

Vault maps used:
D:1:      minmay_arrival_checkered_box, corexii_corridor_pit
D:2:      uniq_terence, uniq_natasha
D:3:      elyvilon_altar_4, lemuel_doored_altar, eat_drink_and_be_merry_uskayaw,
          serial_co_window_serial, co_window_corner_a,
          co_window_of_opportunity_a, co_window_paths_a, co_window_paths_b,
          co_window_of_opportunity_a, co_window_broadway_a,
          co_window_broadway_b, co_window_broadway_b, co_window_corner_b,
          co_window_corner_b, co_window_paths_d, glass_columns_a,
          glass_columns_a, glass_columns_c, glass_columns_c
D:4:      nicolae_ossuary_entry_monument
D:5:      lemuel_crystal_altar, first_ration, sword_in_stone
D:6:      marbit_many_paths, portal_sewer_entry_e
D:7:      old_standard_altar, bloody_trog, kennysheep_mini, temple_hall
D:8:      cheibriados_altar_1
D:9:      overflow_temple_1_default, the_bakery, minmay_statue_bubble,
          uniq_psyche
D:10:     kennysheep_island_fort
D:11:     evilmike_iron_armoury, erik_lair_island, orc_0_dummy, serial_shops,
          kennysheep_mini_moat, minmay_nine_imps, uniq_fannar, uniq_grum,
          uniq_snorg
D:12:     nicolae_trove_entry_crystal
D:13:     evilmike_diamond_1, david_vaults_4, serial_undead, serial_undead_a,
          serial_undead_e, serial_undead_a, serial_undead_a, serial_undead_d,
          serial_undead_f
D:14:     serial_shops, shop, nicolae_shop_crystal, nicolae_shop_stone,
          minmay_misc_feat_roman
D:15:     grunt_enter_depths_magical_seal, uniq_roxanne, uniq_louise, uniq_kirke
Temple:   nicolae_temple_x_marks_the_god
Lair:1:   minivault_23, minmay_lair_oklob_items, beast_lair_carwin_8
Lair:2:   lemuel_fruit_fields, infiniplex_staircase_pool, lemuel_fruit_tree,
          serial_bayou_shore_a
Lair:3:   shoals_dummy_entry, basic_altar
Lair:4:   minmay_snake_entry_guardpost_small, basic_altar, grunt_megastairs_5
Lair:5:   slime_altar_1, minmay_lair_oklob_chamber
Lair:6:   minmay_lair_end_enchanted_forest, grunt_megastairs_3
Snake:1:  serial_shops, nicolae_shop_waterfront, shop, shop, shop,
          nicolae_shop_statue_plus
Snake:2:  serial_shops, shop
Snake:4:  johnstein_snake_rune_scales, portal_ice_cave_entry_pillars_three,
          serial_shops, shop
Orc:1:    cheibrodos_orc_arena, nicolae_orc_lava_tube
Orc:2:    grunt_orc_gardens, grunt_orc_garden, grunt_orc_garden,
          grunt_orc_garden, grunt_orc_garden, uniq_nessos
Elf:1:    portal_desolation_entry_holy_temple, minmay_elf_crystal_heptagon,
          minmay_shop_grove
Sewer:    sewer_co_cracked_pipes
Ossuary:  ossuary_minmay_chase
IceCv:    ice_cave_caverns_03

Skill      XL: |  1  2  3  4  5  6  7  8  9 10 11 12 13 14 15 16 17 18 |
---------------+-------------------------------------------------------+-----
Throwing       | 2 |  2.0
Dodging        | 3 4 5 6 7 8 9 |  9.0
Long Blades    | 4 5 6 8 10 11 12 13 14 | 14.0
Evocations     | 3 5 7 8 9 10 11 | 11.3
Fighting       | 4 5 8 10 | 10.0
Invocations    | 4 6 9 10 | 10.0
Stealth        | 4 7 9 10 | 10.0
Spellcasting   | 4 6 8 10 | 10.1
Shields        | 4 7 9 11 12 | 12.6
Maces & Flails | 1 3 |  3.4
Conjurations   | 4 7 9 10 | 10.0
Air Magic      | 4 7 8 |  8.0
Hexes          | 2 6 |  6.3

Action                   |  1- 3 |  4- 6 |  7- 9 | 10-12 | 13-15 | 16-18 || total
-------------------------+-------+-------+-------+-------+-------+-------++-------
Melee: Long sword        |    73 |   231 |   568 |   724 |    42 |       ||  1638
       Tailslap          |     9 |    36 |    94 |   215 |   384 |   366 ||  1104
       Demon whip        |       |       |       |       |   868 |       ||   868
       Bite              |       |       |       |       |   212 |   295 ||   507
       Scimitar          |       |       |       |       |   342 |  1041 ||  1383
Throw: Throwing net      |     4 |       |       |       |       |       ||     4
 Abil: Breathe Acid      |       |       |    14 |    42 |    20 |     2 ||    78
Evoke: Wand              |       |       |       |    27 |    22 |    19 ||    68
       Lightning rod     |       |       |       |       |     4 |     4 ||     8
       Phial of floods   |       |       |       |       |       |     2 ||     2
       Phantom mirror    |       |       |       |       |       |     1 ||     1
       Fan of gales      |       |       |       |       |       |     1 ||     1
  Use: Potion            |     1 |     1 |     2 |     4 |       |    10 ||    18
       Scroll            |       |    10 |    11 |    10 |    21 |    16 ||    68
 Stab: Sleeping          |     1 |     1 |     2 |     5 |    46 |    24 ||    79
       Held in net/web   |     1 |       |       |       |       |       ||     1
       Distracted        |       |     1 |       |     1 |     4 |     8 ||    14
       Invisible         |       |       |       |     2 |       |       ||     2
       Paralysed         |       |       |       |       |       |     5 ||     5
  Eat: Chunk             |     1 |     6 |    12 |    13 |     5 |     4 ||    41
       Ration            |       |     2 |     2 |     4 |     7 |     4 ||    19
Armor: Skin              |    25 |    90 |   206 |   272 |   327 |   133 ||  1053
Dodge: Dodged            |    51 |   153 |   369 |   764 |  1448 |   764 ||  3549
       Deflected         |       |       |       |     4 |     6 |    62 ||    72
Block: Buckler           |       |       |       |       |   355 |   574 ||   929
       Shield            |       |       |       |       |       |   143 ||   143
       Rpst.: Long sword |    18 |    46 |   104 |   212 |    15 |       ||   395
       Scimitar          |       |       |       |       |    44 |   171 ||   215

Table legend:
 A = Spawn XP
 B = Non-spawn XP
 C = Spawn XP percentage of total XP
 D = Spawn monster count
 E = Non-spawn monster count
 F = Spawn count percentage of total count
 G = Total turns spent on level
                    A         B        C        D         E        F      G
               +---------+---------+-------+---------+---------+-------+---------
         Total |       0 |  298019 |   0.0 |       0 |    1115 |   0.0 | 37991
               +---------+---------+-------+---------+---------+-------+---------
           D:1 |       0 |      23 |   0.0 |       0 |      13 |   0.0 |   870
           D:2 |       0 |     330 |   0.0 |       0 |      25 |   0.0 |  1496
           D:3 |       0 |      87 |   0.0 |       0 |      26 |   0.0 |  1337
           D:4 |       0 |     991 |   0.0 |       0 |      35 |   0.0 |  1049
           D:5 |       0 |     999 |   0.0 |       0 |      27 |   0.0 |  1661
           D:6 |       0 |     943 |   0.0 |       0 |      25 |   0.0 |   825
           D:7 |       0 |    1440 |   0.0 |       0 |      21 |   0.0 |  1112
           D:8 |       0 |    1858 |   0.0 |       0 |      23 |   0.0 |   661
           D:9 |       0 |    2998 |   0.0 |       0 |      19 |   0.0 |  1138
          D:10 |       0 |    4460 |   0.0 |       0 |      40 |   0.0 |  1547
          D:11 |       0 |   13807 |   0.0 |       0 |      68 |   0.0 |  2413
          D:12 |       0 |    5602 |   0.0 |       0 |      39 |   0.0 |   828
          D:13 |       0 |   30780 |   0.0 |       0 |      88 |   0.0 |  2352
          D:14 |       0 |    8812 |   0.0 |       0 |      32 |   0.0 |   936
          D:15 |       0 |   22556 |   0.0 |       0 |      55 |   0.0 |  1500
        Lair:1 |       0 |    7305 |   0.0 |       0 |      26 |   0.0 |  1580
        Lair:2 |       0 |    3493 |   0.0 |       0 |      18 |   0.0 |  1034
        Lair:3 |       0 |    7525 |   0.0 |       0 |      22 |   0.0 |  1454
        Lair:4 |       0 |    6438 |   0.0 |       0 |      22 |   0.0 |  1158
        Lair:5 |       0 |   12896 |   0.0 |       0 |      34 |   0.0 |  1010
        Lair:6 |       0 |   15538 |   0.0 |       0 |      68 |   0.0 |  1355
       Snake:1 |       0 |    9379 |   0.0 |       0 |      18 |   0.0 |   798
       Snake:2 |       0 |   23279 |   0.0 |       0 |      43 |   0.0 |  1097
       Snake:3 |       0 |   18513 |   0.0 |       0 |      40 |   0.0 |  1419
       Snake:4 |       0 |   48836 |   0.0 |       0 |      85 |   0.0 |  2461
         Orc:1 |       0 |    3967 |   0.0 |       0 |      35 |   0.0 |   687
         Orc:2 |       0 |   14927 |   0.0 |       0 |      38 |   0.0 |  1027
         Elf:1 |       0 |    3795 |   0.0 |       0 |       3 |   0.0 |    96
         Sewer |       0 |      91 |   0.0 |       0 |      16 |   0.0 |   452
       Ossuary |       0 |     113 |   0.0 |       0 |      21 |   0.0 |   473
         IceCv |       0 |   10066 |   0.0 |       0 |      51 |   0.0 |  1604
    Desolation |       0 |   16172 |   0.0 |       0 |      39 |   0.0 |   494
               +---------+---------+-------+---------+---------+-------+---------
